 Dungeon Crawl Stone Soup version 0.29-a0-25-g7f48f510a0 (webtiles) character file.

Game seed: 2412135680441986526

2170 robertstho the Thaumaturge (level 9, -3/62 HPs)
             Began as a Djinni Fire Elementalist on Jan 31, 2022.
             Slain by a gnoll sergeant (10 damage)
             ... on level 7 of the Dungeon.
             The game lasted 00:16:39 (11011 turns).

robertstho the Thaumaturge (DjFE)                  Turns: 11011, Time: 00:16:41

Health: -3/62      AC:  6    Str:  7    XL:     9   Next: 58%
Gold:   145        EV: 12    Int: 20    God:
                   SH:  0    Dex: 15

rFire   + + .      SeeInvis .   s - +1 scimitar (elec)
rCold   . . .      Faith    .   (no shield)
rNeg    . . .      Spirit   .   o - +2 leather armour {rC+}
rPois   ∞          Reflect  .   (no helmet)
rElec   .          Harm     .   i - +0 cloak
rCorr   .          Rampage  .   (no gloves)
Will    .....                   (boots unavailable)
Stlth   ++........              (no amulet)
HPRegen 0.20/turn               (no ring)
MPRegen 0.00/turn               (no ring)

@: flying
A: sickness immunity, fire resistance 2, cold vulnerability 1, float, innate
caster, HP casting, extra vitality 1
a: no special abilities


You were on level 7 of the Dungeon.
You visited 2 branches of the dungeon, and saw 8 of its levels.

You collected 298 gold pieces.
You spent 153 gold pieces at shops.

Inventory:

Hand Weapons
 d - a +2 dagger of venom
 g - a +5 trident of freezing
 s - a +1 scimitar of electrocution (weapon)
Missiles
 r - a throwing net
Armour
 i - a +0 cloak (worn)
 o - a +2 leather armour of cold resistance (worn)
Wands
 q - a wand of flame (27)
Scrolls
 h - a scroll of immolation
 l - a scroll of summoning
 n - 2 scrolls of holy word
 t - a scroll of vulnerability {unknown}
Potions
 a - a potion of flight {unknown}
 b - 4 potions of might
 c - 3 potions of haste
 e - a potion of brilliance
 f - 3 potions of curing {unknown}
 j - 2 potions of heal wounds {unknown}
 k - 2 potions of resistance
 m - a potion of cancellation {unknown}
 p - 2 potions of lignification {unknown}


   Skills:
 * Level 3.9 Fighting
 + Level 2.1 Short Blades
 + Level 0.4 Armour
 + Level 3.6 Dodging
 + Level 3.3 Stealth
 * Level 8.1 Spellcasting


You had one spell level left.
You knew the following spells:

 Your Spells              Type           Power      Damage    Failure   Level
a - Foxfire               Conj/Fire      100%       2x1d9     1%          1
b - Scorch                Fire           80%        2d9       1%          2
c - Conjure Flame         Conj/Fire      40%        6-21      1%          3
d - Inner Flame           Hex/Fire       40%        N/A       1%          3
e - Flame Wave            Conj/Fire      40%        2d9       4%          4
f - Pain                  Necr           100%       1d9       1%          1
g - Blink                 Tloc           80%        N/A       1%          2
h - Gell's Gravitas       Tloc           40%        N/A       1%          3
i - Petrify               Tmut/Erth      40%        N/A       4%          4
Your spell library was empty.

Dungeon Overview and Level Annotations

Branches:
Dungeon (7/15)             Temple (1/1) D:5

Altars:
Cheibriados
Dithmenos
Elyvilon
Gozag
Hepliaklqana
Kikubaaqudgha
Nemelex Xobeh
Okawaru
Ru
Sif Muna
Trog
Uskayaw
Vehumet
Wu Jian
Xom
Yredelemnul
Zin

Shops:
D:1 *(=*   D:5 :   D:6 ?   D:7 (


Innate Abilities, Weirdness & Mutations

You are immune to sickness and miasma.
You are immune to poison.
Your flesh is very heat resistant. (rF++)
You are vulnerable to cold. (rC-)
You float through the air rather than walking.
You learn spells naturally, not from books.
Your magical power is your life essence.
You have superior vitality. (+4 MHP)


Message History

The gnoll hits you from afar with a +0 halberd!
The gnoll barely misses you.
You hit the gnoll. You punch the gnoll.
The gnoll is moderately wounded.
The gnoll barely misses you. The gnoll hits you with a +0 spear.
The gnoll sergeant hits you from afar with a +0 spear!
You closely miss the gnoll.
The gnoll is moderately wounded.
The gnoll closely misses you. The gnoll misses you.
The gnoll sergeant hits you from afar with a +0 spear!
The gnoll hits you from afar with a +0 halberd.
The gnoll hits you but does no damage.
The gnoll sergeant hits you from afar with a +0 spear.
Casting: Scorch (safe; 1% risk of failure)
Confirm with . or Enter, or press ? or * to list all spells.
Casting: Flame Wave (dangerous; 4% risk of failure)
Press: ? - help, Dir - look around, f - activate A wave of flame ripples out!
The flame wave engulfs the gnoll.
The gnoll is severely wounded. (Press . to intensify the flame waves.)
You hear a shout! x2
The gnoll hits you from afar with a +0 halberd.
The gnoll hits you with a +0 spear!
* * * LOW HITPOINT WARNING * * *
The gnoll sergeant hits you from afar with a +0 spear.
* * * LOW HITPOINT WARNING * * *
A wave of flame ripples out!
The flame wave engulfs the gnoll!
You kill the gnoll!
The flame wave engulfs the gnoll!
The gnoll is severely wounded.
The flame wave engulfs the gnoll sergeant!
The gnoll sergeant is moderately wounded.
The flame wave engulfs the gnoll!
The gnoll is almost dead.
The flame wave engulfs the gnoll but does no damage.
* * * LOW HITPOINT WARNING * * *
A kobold comes into view. It is wielding a +0 club.
The gnoll barely misses you.
The gnoll sergeant hits you from afar with a +0 spear!
You die...

#. ...... .K.
## #..... #..♣
##.... ...#
.....####...
#.#....(....
#....gg.g.##
#...#g)#...##.#
#.... #@.......
.....##...###.#
....#..#..###.#
..............#
##(##...######
##.##..## #
.#....# ####
##. #.##..#
#...
....##.##..#
#.#.


You could see a gnoll sergeant, 3 gnolls and a kobold.

Vanquished Creatures
  Sigmund (D:6)
  Edmund (D:5)
  A water moccasin (D:6)
  2 orc warriors
  3 ogres
  A centaur (D:7)
  Blork the orc (D:6)
  A bullfrog (D:5)
  2 scorpions (D:6)
  A water moccasin skeleton (D:5)
  Dowan (D:6)
  3 wights (D:6)
  2 vampire bats (D:3)
  2 centaur zombies
  A bullfrog zombie (D:5)
  2 centaur skeletons (D:6)
  2 jellies
  2 iguanas
  2 orc wizards
  2 hound skeletons (D:4)
  8 adders
  5 gnolls
  A howler monkey skeleton (D:4)
  An ufetubus (D:6)
  An adder skeleton (D:4)
  3 worms
  5 dart slugs
  19 orcs
  8 ball pythons
  15 bats
  10 endoplasms
  5 giant cockroaches
  4 goblins
  9 hobgoblins
  3 jackals (D:4)
  7 kobolds
  2 quokkas
  3 training dummies (D:7)
  4 frilled lizards
  10 rats
156 creatures vanquished.

Vanquished Creatures (collateral kills)
  Duvessa (D:6)
1 creature vanquished.

Vanquished Creatures (others)
  202 foxfires
  5 plants (D:7)
207 creatures vanquished.

Grand Total: 364 creatures vanquished

Notes
Turn   | Place    | Note
-------+----------+-------------------------------------------
     0 | D:1      | robertstho the Djinni Fire Elementalist began the quest for
                  | the Orb.
     0 | D:1      | Reached XP level 1. HP: 15/15 MP: 0/0
   346 | D:1      | Found Qaibemall's Jewellery Shop.
   358 | D:1      | Reached XP level 2. HP: 15/21 MP: 0/0
   601 | D:1      | Found a faded altar of an unknown god.
   916 | D:1      | Reached skill level 3 in Spellcasting
   916 | D:1      | Reached XP level 3. HP: 15/25 MP: 0/0
   916 | D:1      | Learned a level 1 spell: Pain
  1132 | D:1      | Found Viwij's Assorted Antiques.
  1362 | D:1      | Found Qutuguanomn's General Store.
  1767 | D:1      | Found Ecvit's Weapon Emporium.
  2360 | D:2      | Reached XP level 4. HP: 13/31 MP: 0/0
  3399 | D:2      | Reached XP level 5. HP: 36/36 MP: 0/0
  3399 | D:2      | Learned a level 2 spell: Blink
  3722 | D:3      | Reached skill level 1 in Fighting
  4093 | D:3      | Reached skill level 1 in Short Blades
  4112 | D:3      | Reached skill level 4 in Spellcasting
  4112 | D:3      | Reached XP level 6. HP: 26/42 MP: 0/0
  4388 | D:3      | Found a sacrificial altar of Ru.
  4623 | D:1      | Bought a scroll of summoning for 95 gold pieces
  6070 | D:4      | Noticed an ogre
  6103 | D:4      | Killed an ogre
  6104 | D:4      | Reached XP level 7. HP: 33/49 MP: 0/0
  6104 | D:4      | Learned a level 3 spell: Gell's Gravitas
  6512 | D:5      | Entered Level 5 of the Dungeon
  6542 | D:5      | Noticed Edmund
  6553 | D:5      | Killed Edmund
  6784 | D:5      | Found Koewkalont's Book Boutique.
  6892 | D:5      | Reached skill level 5 in Spellcasting
  6918 | D:5      | Reached XP level 8. HP: 38/55 MP: 0/0
  7196 | D:5      | Found an opulent altar of Gozag.
  7494 | D:6      | Reached skill level 6 in Spellcasting
  8046 | D:1      | Bought a potion of attraction for 30 gold pieces
  8140 | D:5      | Found a staircase to the Ecumenical Temple.
  8181 | Temple   | Entered the Ecumenical Temple
  8721 | D:6      | Noticed Sigmund
  8726 | D:6      | Killed Sigmund
  8727 | D:6      | Reached skill level 7 in Spellcasting
  8727 | D:6      | Reached XP level 9. HP: 45/61 MP: 0/0
  8727 | D:6      | Learned a level 4 spell: Petrify
  8840 | D:6      | Found Kufallih's Magic Scroll Emporium.
  8843 | D:6      | Noticed Duvessa
  8843 | D:6      | Noticed Dowan
  9371 | D:6      | Killed Dowan
  9381 | D:6      | Killed Duvessa
  9667 | D:6      | Bought a scroll of identify for 28 gold pieces
  9819 | D:6      | Noticed Blork the orc
  9825 | D:6      | Killed Blork the orc
  9826 | D:6      | Reached skill level 8 in Spellcasting
 10229 | D:7      | Found a basalt altar of Yredelemnul.
 10286 | D:7      | Found Kiuhi's Firing Range.
 10398 | D:7      | Found a snail-covered altar of Cheibriados.
 11011 | D:7      | Slain by a gnoll sergeant

Illustrated notes

Levels and vault maps discovered:
D:1:      lightli_molten_gateway, layout_basic, serial_shops,
          nicolae_lakefront_shop, nicolae_shop_behind_doors,
          nicolae_shop_behind_doors, shop, nicolae_ecumenical_lake_church
D:2:      minmay_chambers_of_twos, layout_basic
D:3:      layout_loops_corners, overflow_temple_1_default,
          minmay_tree_intersection, hex_large, roderic_batcave
D:4:      layout_basic
D:5:      layout_basic, grunt_gozag_statues, minmay_temple_entry_grid,
          serial_shops, nicolae_shop_stone, uniq_edmund
D:6:      layout_cave_pools, nicolae_sif_muna_condensation, serial_shops,
          nicolae_shop_waterfront, grunt_ministairs_12,
          kennysheep_generic_room_5, uniq_duvessa, uniq_blork_the_orc,
          uniq_sigmund
D:7:      kennysheep_kobold_camp, layout_loops_corners,
          nicolae_ashenzari_panopticon, mainiacjoe_overflow_catch_the_wave,
          minmay_holes, minmay_statues_item, st_stairs_8,
          hangedman_decor_growths, nicolae_shop_firing_range
Temple:   minmay_temple_forest_path

Skill      XL: |  1  2  3  4  5  6  7  8  9 |
---------------+----------------------------+-----
Spellcasting   | 3 4 5 7 8 |  8.1
Fighting       | 1 2 3 |  3.9
Stealth        | 2 3 |  3.3
Short Blades   | 1 2 |  2.1
Dodging        | 3 |  3.6
Armour         | |  0.4

Action                   |  1- 3 |  4- 6 |  7- 9 || total
-------------------------+-------+-------+-------++-------
Melee: Dagger            |    27 |   139 |    22 ||   188
       Punch             |       |     4 |     1 ||     5
       Scimitar          |       |       |    12 ||    12
 Cast: Foxfire           |    60 |       |    57 ||   117
       Scorch            |    13 |    31 |    78 ||   122
       Conjure Flame     |       |     2 |     2 ||     4
       Flame Wave        |       |       |     4 ||     4
       Petrify           |       |       |     3 ||     3
       Blink             |       |       |     1 ||     1
  Use: Scroll            |     4 |     3 |     5 ||    12
 Stab: Sleeping          |     2 |    13 |       ||    15
Armor: Robe              |    13 |    50 |     6 ||    69
       Leather armour    |       |       |    13 ||    13
Dodge: Dodged            |    37 |   124 |    59 ||   220

Table legend: (Time is in decaauts)
 A = Elapsed time spent in this place.
 B = Non-inter-level travel time spent in this place.
 C = Inter-level travel time spent in this place.
 D = Time resting spent in this place.
 E = Time spent auto-exploring this place.
 F = Levels seen in this place.
 G = Mean time per level.
                   A        B        C        D        E       F      G
               +--------+--------+--------+--------+--------+-----+--------+
         Total |  11018 |  10285 |    733 |   2036 |   7132 |   8 | 1377.2 |
       Dungeon |  10560 |   9876 |    684 |   2036 |   6733 |   7 | 1508.6 |
        Temple |    458 |    410 |     48 |      0 |    399 |   1 |  458.0 |
               +--------+--------+--------+--------+--------+-----+--------+

Top non-repeatable levels by time:
     D:1: 2356 daAuts
     D:4: 1538 daAuts
     D:6: 1428 daAuts
     D:2: 1424 daAuts
     D:5: 1391 daAuts
     D:3: 1391 daAuts
     D:7: 1028 daAuts
  Temple: 458 daAuts
